 Dungeon Sprint DCSS version 0.29-a0-243-g602b31c20e (webtiles) character file.

Game seed: 18366881459219899435

6129 rocky1 the Earth Mage (level 10, -1/70 HPs)
             Began as a Gargoyle Earth Elementalist on Mar 5, 2022.
             Was a High Priest of Sif Muna.
             Slain by a wandering mushroom (10 damage)
             ... in the Dungeon (Sprint III: "The Ten Rune Challenge").
             The game lasted 00:15:48 (3283 turns).

rocky1 the Earth Mage (Gargoyle Earth Elementalist) Turns: 3283, Time: 00:15:49

Health: -1/70      AC:  9    Str: 12    XL:     10   Next: 89%
Magic:  10/23      EV: 11    Int: 20    God:    Sif Muna [*****.]
Gold:   1674       SH:  0    Dex: 10    Spells: 18/28 levels left

rFire   . . .      SeeInvis .   o - +2 scimitar (flame)
rCold   . . .      Faith    .   (no shield)
rNeg    + . .      Spirit   .   b - +0 robe
rPois   ∞          Reflect  .   (no helmet)
rElec   +          Harm     .   (no cloak)
rCorr   .          Rampage  .   (no gloves)
Will    .....      NoTele   +   (no boots)
Stlth   ++........              (no amulet)
HPRegen 0.21/turn               (no ring)
MPRegen 0.18/turn               (no ring)

@: no status effects
A: sickness immunity, AC +7, negative energy resistance 1, electricity
resistance, torment resistance 1, petrification resistance
a: Renounce Religion, Channel Magic, Forget Spell, Divine Exegesis


You were in the Dungeon.
You worshipped Sif Muna.
Sif Muna was extremely pleased with you.
You visited 1 branch You collected 1739 gold pieces.
You spent 65 gold pieces at shops.

Inventory:

Hand Weapons
 m - a +2 long sword of holy wrath
 o - a +2 scimitar of flaming (weapon)
Missiles
 a - 2 stones
Armour
 b - a +0 robe (worn)
Scrolls
 h - a scroll of blinking
 j - a scroll of immolation
 k - 2 scrolls of identify
 l - a scroll of holy word
Potions
 c - 4 potions of curing
 d - 2 potions of heal wounds
 e - a potion of haste
 g - a potion of berserk rage
 i - 3 potions of mutation {unknown}
Miscellaneous
 n - a lightning rod (4/4)


   Skills:
 - Level 11.4 Fighting
 - Level 1.5 Dodging
 - Level 2.1 Stealth
 + Level 9.9 Spellcasting
 + Level 11.4 Conjurations
 - Level 0.7 Transmutations
 + Level 2.0 Fire Magic
 - Level 17.9 Earth Magic
 - Level 11.4 Invocations


You had 18 spell levels left.
You knew the following spells:

 Your Spells              Type           Power      Damage    Failure   Level
a - Sandblast             Erth           100%       2d20      0%          1
b - Stone Arrow           Conj/Erth      100%       3d13      1%          3
c - Foxfire               Conj/Fire      100%       2x1d9     1%          1
d - Fireball              Conj/Fire      18%        3d9       12%         5

Your spell library contained the following spells:

 Spells                   Type           Power      Damage    Failure   Level
 Passwall                 Tmut/Erth      39%        N/A       1%          2
 Conjure Flame            Conj/Fire      36%        6-21      1%          3
 Petrify                  Tmut/Erth      47%        N/A       1%          4
 Sticky Flame             Conj/Fire      36%        2d6       4%          4
 Beastly Appendage        Tmut           24%        N/A       5%          1
 Hailstorm                Conj/Ice       32%        3d8       7%          4
 Iskenderun's Mystic Bla  Conj/Tloc      32%        2d8       7%          4
 Wereblood                Tmut           12%        N/A       8%          2
 Ignite Poison            Fire/Tmut/Pois 13%        N/A       14%         3
 Spider Form              Tmut/Pois      11%        N/A       19%         3
 Orb of Destruction       Conj           26%        9d9       50%         7
 Malign Gateway           Summ/Tloc      4%         N/A       100%        7
 Summon Horrible Things   Summ           4%         N/A       100%        8
 Fire Storm               Conj/Fire      18%        8d5       100%        9


Dungeon Overview and Level Annotations

Branches:
Dungeon (1/1)

Altars:
Cheibriados
Dithmenos
Elyvilon
Fedhas
Gozag
Hepliaklqana
Kikubaaqudgha
Makhleb
Nemelex Xobeh
Okawaru
Qazlal
Ru
Sif Muna
Trog
Uskayaw
Vehumet
Wu Jian
Xom
Yredelemnul
Zin
The Shining One
Beogh
Jiyva
Lugonu

Shops:
D *


Innate Abilities, Weirdness & Mutations

You are immune to sickness and miasma.
Your stone body is resilient. (AC +7)
You are immune to poison.
You resist negative energy. (rN+)
You are resistant to electric shocks. (rElec)
You are resistant to unholy torment.
You are immune to petrification.


Message History

* * * LOW HITPOINT WARNING * * *
Unknown command.
You feel much better. Something hits you! x2
Unknown command.
Magic courses through your body.
Something hits you but does no damage. x2
Unknown command.
Okay, then.
Okay, then.
You barely miss something. Something hits you.
Unknown command.
Aiming: Stone Arrow (safe; 1% risk of failure)
Press: ? - help, Q - select action, (/) - cycle Shift-Dir - straight line Something hits you.
Unknown command.
Aiming: Stone Arrow (safe; 1% risk of failure)
Press: ? - help, Q - select action, (/) - cycle Shift-Dir - straight line Something hits you.
You hit something. You burn something. Something hits you.
Aiming: Stone Arrow (safe; 1% risk of failure)
Press: ? - help, Q - select action, (/) - cycle Shift-Dir - straight line Something hits you.
Unknown command.
Aiming: Stone Arrow (safe; 1% risk of failure)
Press: ? - help, Q - select action, (/) - cycle Shift-Dir - straight line Something hits you.
Aiming: Stone Arrow (safe; 1% risk of failure)
Press: ? - help, Q - select action, (/) - cycle Shift-Dir - straight line The stone arrow hits something!
Something hits you.
* * * LOW HITPOINT WARNING * * *
Unknown command.
Something hits you.
* * * LOW HITPOINT WARNING * * *
Something hits you!
* * * LOW HITPOINT WARNING * * *
As you open the door, it creaks loudly! Something hits you.
* * * LOW HITPOINT WARNING * * *
The wandering mushroom releases spores at you!
You die...

#'#.# ### #######
..#'#####################
..#).≈≈≈'.#.)...+.#.#.#.+
..#)#[§≈#.#.#...##.#.#.##
..)§#§§§#.#.#...#.#.#.#.#
..#.#§§§#...#...##.#.#.#
▓▓▓▓▓▓▓▓▓▓▓▓▓▓▓▓#.#.#.#
..≈≈≈...##.#.#.#
♣Pf@.#.#.#.# ♣P.##.#.#.##
♣♣♣##+#####


You could see a wandering mushroom.

Vanquished Creatures
  Erica (D)
  A centaur warrior (D)
  An orc high priest (D)
  An orc knight (D)
  3 deep elf pyromancers (D)
  3 deep elf zephyrmancers (D)
  A shadow (D)
  A spatial vortex (D)
  3 orc warriors (D)
  2 centaurs (D)
  An earth elemental (D)
  A water elemental (D)
  A necrophage (D)
  A scorpion (D)
  A jelly (D)
  An orc priest (D)
  A wizard (D)
  A necromancer (D)
  2 orc wizards (D)
  A kobold demonologist (D)
  3 humans (D)
  9 orcs (D)
  A quokka (D)
  4 rats (D)
45 creatures vanquished.

Vanquished Creatures (others)
  A plant (D)
1 creature vanquished.

Grand Total: 46 creatures vanquished

Notes
Turn   | Place    | Note
-------+----------+-------------------------------------------
     0 | D        | rocky1 the Gargoyle Earth Elementalist began the quest for
                  | the Orb.
     0 | D        | Reached XP level 1. HP: 10/10 MP: 3/3
    13 | D        | Reached skill level 4 in Earth Magic
   194 | D        | Reached skill level 5 in Earth Magic
   361 | D        | Reached skill level 7 in Earth Magic
   361 | D        | Reached XP level 2. HP: 5/15 MP: 0/5
   698 | D        | Noticed a scorpion
   703 | D        | Killed a scorpion
   704 | D        | Reached skill level 10 in Earth Magic
   704 | D        | Reached XP level 3. HP: 9/19 MP: 2/6
   704 | D        | Reached XP level 4. HP: 12/24 MP: 2/7
  1007 | D        | Noticed a water elemental
  1009 | D        | Killed a water elemental
  1010 | D        | Reached skill level 12 in Earth Magic
  1010 | D        | Reached XP level 5. HP: 28/28 MP: 5/8
  1212 | D        | Found a radiant altar of Vehumet.
  1212 | D        | Found a shimmering blue altar of Sif Muna.
  1212 | D        | Found an ancient bone altar of Kikubaaqudgha.
  1215 | D        | Reached skill level 13 in Earth Magic
  1221 | D        | Learned a level 3 spell: Stone Arrow
  1409 | D        | Became a worshipper of Sif Muna the Loreminder
  1426 | D        | Found a basalt altar of Yredelemnul.
  1426 | D        | Found a shadowy altar of Dithmenos.
  1426 | D        | Found a sacrificial altar of Ru.
  1429 | D        | Reached XP level 6. HP: 22/35 MP: 6/10
  1636 | D        | Found a glowing silver altar of Zin.
  1636 | D        | Found a glowing golden altar of the Shining One.
  1636 | D        | Found a white marble altar of Elyvilon.
  1637 | D        | Noticed a deep elf pyromancer
  1641 | D        | Noticed a fire elemental
  1641 | D        | Killed a deep elf pyromancer
  1641 | D        | Reached * piety under Sif Muna
  1642 | D        | Reached skill level 5 in Fighting
  1642 | D        | Reached skill level 5 in Spellcasting
  1642 | D        | Reached skill level 5 in Conjurations
  1642 | D        | Reached skill level 14 in Earth Magic
  1642 | D        | Reached skill level 5 in Invocations
  1642 | D        | Reached XP level 7. HP: 42/44 MP: 6/14
  1697 | D        | Found a hide-covered altar of Uskayaw.
  1697 | D        | Found an iron altar of Okawaru.
  1697 | D        | Found a bloodstained altar of Trog.
  1697 | D        | Found an ornate altar of the Wu Jian Council.
  1697 | D        | Noticed a human
  1697 | D        | Noticed a human
  1701 | D        | Killed a human
  1702 | D        | Reached skill level 15 in Earth Magic
  1705 | D        | Killed a human
  1706 | D        | Reached XP level 8. HP: 52/52 MP: 7/16
  1882 | D        | Noticed a shadow
  1884 | D        | Reached ** piety under Sif Muna
  1886 | D        | Killed a shadow
  2132 | D        | Found a blossoming altar of Fedhas.
  2132 | D        | Found a stormy altar of Qazlal.
  2132 | D        | Found a snail-covered altar of Cheibriados.
  2132 | D        | Found a burning altar of Makhleb.
  2132 | D        | Found a shimmering altar of Xom.
  2133 | D        | Found a hazy altar of Hepliaklqana.
  2133 | D        | Found an opulent altar of Gozag.
  2133 | D        | Found a sparkling altar of Nemelex Xobeh.
  2133 | D        | Found a corrupted altar of Lugonu.
  2133 | D        | Found a viscous altar of Jiyva.
  2158 | D        | Noticed Erica
  2165 | D        | Killed Erica
  2166 | D        | Reached XP level 9. HP: 59/59 MP: 17/19
  2279 | D        | Reached *** piety under Sif Muna
  2280 | D        | Reached skill level 16 in Earth Magic
  2528 | D        | Noticed an orc knight
  2541 | D        | Killed an orc knight
  2541 | D        | Reached **** piety under Sif Muna
  2557 | D        | Reached ***** piety under Sif Muna
  2558 | D        | Received a gift from Sif Muna
  2563 | D        | Got Sif Muna's Almanac of Combat Magic {god gift}
  2566 | D        | Noticed an orc high priest
  2574 | D        | Killed an orc high priest
  2604 | D        | Reached XP level 10. HP: 43/67 MP: 10/22
  2728 | D        | Found Ireot's General Store.
  2755 | D        | Bought a potion of curing for 39 gold pieces
  2755 | D        | Bought a scroll of identify for 26 gold pieces
  2777 | D        | Noticed a deep elf zephyrmancer
  2777 | D        | Noticed a deep elf zephyrmancer
  2777 | D        | Noticed a deep elf pyromancer
  2777 | D        | Noticed a deep elf zephyrmancer
  2777 | D        | Noticed a deep elf pyromancer
  2786 | D        | Killed a deep elf zephyrmancer
  2787 | D        | Reached skill level 10 in Fighting
  2787 | D        | Reached skill level 10 in Conjurations
  2787 | D        | Reached skill level 17 in Earth Magic
  2787 | D        | Reached skill level 10 in Invocations
  2794 | D        | Killed a deep elf pyromancer
  2811 | D        | Killed a deep elf pyromancer
  2838 | D        | Killed a deep elf zephyrmancer
  2839 | D        | Killed a deep elf zephyrmancer
  2839 | D        | Received a gift from Sif Muna
  2840 | D        | Got Sif Muna's Incunabulum of Heat {god gift}
  2938 | D        | Learned a level 1 spell: Foxfire
  2941 | D        | Noticed a centaur warrior
  2947 | D        | Killed a centaur warrior
  2948 | D        | Reached skill level 1 in Fire Magic
  3229 | D        | Learned a level 5 spell: Fireball
  3283 | D        | Slain by a wandering mushroom

Illustrated notes

Levels and vault maps discovered:
D:        dungeon_sprint_mu [sprint_mu_entry_forest, sprint_mu_temple_rooms,
          sprint_mu_d1_horrors, sprint_mu_d2_genie, sprint_mu_d3_branching,
          sprint_mu_orc_legion, sprint_mu_elf_gauntlet, sprint_mu_hive_nellie,
          sprint_mu_lair_fedhas, sprint_mu_vaults_butterflies,
          sprint_mu_slime_circle, sprint_mu_swamp_cave, sprint_mu_shoals_archi,
          sprint_mu_blade_basic, sprint_mu_crypt_fortress,
          sprint_mu_tomb_spiral, sprint_mu_vestibule_basic,
          sprint_mu_gehenna_hellfire, sprint_mu_dis_giant,
          sprint_mu_tartarus_statrot, sprint_mu_cocytus_islands, sprint_mu_zot1]

Skill      XL: |  1  2  3  4  5  6  7  8  9 10 |
---------------+-------------------------------+-----
Earth Magic    | 7 10 12 13 14 15 16 17 | 17.9
Fighting       | 2 5 6 8 9 11 | 11.4
Conjurations   | 2 5 6 8 9 11 | 11.4
Invocations    | 2 5 6 8 9 11 | 11.4
Spellcasting   | 5 7 8 9 |  9.9
Fire Magic     | 2 |  2.0
Dodging        | |  1.5
Stealth        | |  2.1
Transmutations | |  0.7

Action                   |  1- 3 |  4- 6 |  7- 9 | 10-12 || total
-------------------------+-------+-------+-------+-------++-------
Melee: Unarmed           |    29 |     1 |       |       ||    30
       Scimitar          |       |       |     4 |     4 ||     8
 Cast: Sandblast         |    10 |    15 |    16 |       ||    41
       Stone Arrow       |       |       |    41 |    32 ||    73
Invok: Channel Magic     |       |       |     5 |     1 ||     6
  Use: Potion            |     1 |       |     1 |     2 ||     4
       Scroll            |       |     2 |       |       ||     2
 Stab: Sleeping          |     1 |       |       |       ||     1
Armor: Robe              |     7 |     1 |     4 |    16 ||    28
Dodge: Dodged            |    22 |       |     9 |     2 ||    33

Table legend: (Time is in decaauts)
 A = Elapsed time spent in this place.
 B = Non-inter-level travel time spent in this place.
 C = Inter-level travel time spent in this place.
 D = Time resting spent in this place.
 E = Time spent auto-exploring this place.
 F = Levels seen in this place.
 G = Mean time per level.
                   A        B        C        D        E       F      G
               +--------+--------+--------+--------+--------+-----+--------+
         Total |   3343 |   3343 |      0 |   2707 |      0 |   1 | 3343.0 |
       Dungeon |   3343 |   3343 |      0 |   2707 |      0 |   1 | 3343.0 |
               +--------+--------+--------+--------+--------+-----+--------+

Top non-repeatable levels by time:
       D: 3343 daAuts
